[Event "ITT 1st Parada Jamundi 2022"]
[Site "Jamundi Valle"]
[Date "2022.12.11"]
[Round "10.5"]
[White "Argote Heredia, Valentina"]
[Black "Rios, Cristhian Camilo"]
[Result "1/2-1/2"]
[ECO "B33"]
[WhiteElo "2140"]
[BlackElo "2456"]
[Annotator "TA"]
[PlyCount "51"]
[EventDate "2022.12.05"]
[EventType "swiss"]
[EventCountry "COL"]
[SourceTitle "playchess.com"]
[Source "ChessBase"]
[SourceQuality "1"]
[TimeControl "5400+30"]

1. e4 c5 2. Nf3 Nc6 3. d4 cxd4 4. Nxd4 Nf6 5. Nc3 e5 6. Ndb5 d6 7. Bg5 a6 8. Na3 b5 9. Nd5 Qa5+ 10. Bd2 Qd8 11. Bg5 Qa5+ {[%emt 0:00:08] 11...Rb8 is a critical line.} 12. Bd2 Qd8 13. Bg5 {[%emt 0:00:04] [#]} (13. Bd3 $14) {Predecessor:} 13... Be7 $146 {B33: Sicilian: Pelikan and Sveshnikov Variations.} 14. Bxf6 Bxf6 15. c4 b4 16. Nc2 a5 17. Be2 O-O 18. O-O g6 19. Bg4 Bb7 20. Qd3 Bg7 21. Rad1 Nd4 22. Nxd4 exd4 23. b3 Ra7 24. g3 Re8 25. Bf3 Bxd5 26. exd5 {½-½ (85) Kamsky,G (2666)-Firouzja,A (2785) Chess.com INT 2022} 1/2-1/2

[Event "ITT 1st Parada Jamundi 2022"]
[Site "Jamundi Valle"]
[Date "2022.12.11"]
[Round "10.6"]
[White "Avila Pavas, Santiago"]
[Black "Aguero Jimenez, Luis Lazaro"]
[Result "1-0"]
[ECO "B90"]
[WhiteElo "2461"]
[BlackElo "2465"]
[Annotator "TA"]
[PlyCount "101"]
[EventDate "2022.12.05"]
[EventType "swiss"]
[EventCountry "COL"]
[SourceTitle "playchess.com"]
[Source "ChessBase"]
[SourceQuality "1"]
[TimeControl "5400+30"]

1. e4 c5 2. Nf3 d6 3. d4 cxd4 4. Nxd4 Nf6 5. Nc3 a6 6. Be3 e5 7. Nb3 Be7 8. f3 Be6 9. Qd2 O-O 10. O-O-O Nbd7 11. g4 b5 12. g5 b4 {[%emt 0:00:17] 12...Nh5 is more advanced technology.} 13. gxf6 {[%emt 0:00:08] B90: Sicilian Najdorf: Unusual White 6th moves, 6 Be3 Ng4 and 6 Be3 e5.} bxc3 14. Qxc3 Nxf6 15. Na5 {[%emt 0:00:07] [#] The position is equal.} Qb8 $146 ({Predecessor:} 15... Rc8 16. Nc6 Qe8 17. Nxe7+ Qxe7 18. Qa5 Rc6 19. Rg1 Rfc8 20. Kb1 Nh5 21. Rg2 Qf6 {1-0 (48) Caruana,F (2783)-Maghsoodloo,P (2701) Chennai 2022}) 16. Nc6 Qb7 17. Nxe7+ (17. Rg1 {is more complex.} Rfc8 18. Nxe7+ Qxe7 19. Qa5) 17... Qxe7 18. Rg1 Rfc8 19. Qa5 Rc6 20. Kb1 Qb7 21. Rg2 Rb8 22. b3 {[%emt 0:01:18] Active counter play!} Bh3 {[%emt 0:06:50] [#]} 23. Rxg7+ Kxg7 24. Bxh3 Qb4 25. Qxb4 {[%emt 0:00:11] Dancing on a razor blade.} Rxb4 26. Bg5 Ng8 (26... Rb7 $14) 27. Bd7 $16 Rc7 28. Rxd6 Rd4 29. Rxd4 exd4 {[%emt 0:00:01][%mdl 4096] Endgame KRN-KB} 30. Bh3 Ne7 31. Bf1 a5 32. Bf4 Rc3 33. Be5+ ({White should try} 33. Bd3 $16) 33... f6 $1 $14 34. Bxd4 Rxf3 35. Bb5 Rf4 {[%emt 0:01:38] White stays focused until the end.} (35... Rh3 $14) 36. Bc3 $16 {[%emt 0:01:53] This pair of bishops is nice.} Rxe4 37. Bxa5 f5 38. a4 f4 {[%emt 0:04:59] [#]} (38... Kf6 {was called for.} 39. Bc3+ Ke6) 39. Bd3 $1 $18 Re6 40. Bc3+ Kf8 41. a5 (41. Bxh7 Nd5 42. Bd4 Ne3 $14) 41... Ke8 $2 (41... Nc6 42. Bc4 (42. Bxh7 $2 {is the wrong capture.} f3 $19) 42... Re8) 42. a6 {[%emt 0:02:42] Black must now prevent a7.} ({Less strong is} 42. Bxh7 f3 $14) 42... Nc8 43. Bd4 ({Weaker is} 43. Bxh7 Rxa6 44. Bf5 Ne7 $11) 43... Rh6 44. a7 Nxa7 45. Bxa7 Rxh2 46. b4 {[%emt 0:00:16][%cal Bb3b4,Bb4b5,Bb5b6][%mdl 32] Threatens to win with b5.} f3 47. b5 {[%emt 0:00:29] b6 is the strong threat.} Rh4 48. Bf2 Rg4 49. c4 {[%emt 0:06:04] b6 would kill now.} Rg2 {[%emt 0:02:21] [#] Against b6} 50. b6 $1 Kd7 (50... Kd8 51. Bh4+) 51. Bf5+ {[%emt 0:00:48] Weighted Error Value: White=0.04 (flawless) /Black=0.48} 1-0

[Event "ITT 1st Parada Jamundi 2022"]
[Site "Jamundi Valle"]
[Date "2022.12.11"]
[Round "10.7"]
[White "Larino Nieto, David"]
[Black "Cori Quispe, Kevin Joel"]
[Result "0-1"]
[ECO "A06"]
[WhiteElo "2466"]
[BlackElo "2469"]
[Annotator "TA"]
[PlyCount "163"]
[EventDate "2022.12.05"]
[EventType "swiss"]
[EventCountry "COL"]
[SourceTitle "playchess.com"]
[Source "ChessBase"]
[SourceQuality "1"]
[TimeControl "5400+30"]

1. Nf3 d5 2. b3 c5 3. e3 Nc6 4. Bb2 f6 5. d4 cxd4 6. exd4 {[%emt 0:00:18] A06: Réti Opening: 1 Nf3 d5.} Bg4 {[%emt 0:00:47][%cal Oe7e5] 6...e6 is vanishing.} 7. Be2 {[%emt 0:00:22] Against e5} e6 {[%emt 0:00:09] [#]} 8. Nh4 $146 (8. O-O $142) ({Predecessor:} 8. O-O Bd6 9. c4 Nge7 10. Nc3 Qd7 11. Nb5 Bb8 12. Re1 O-O 13. h3 Bh5 14. Nh4 {1-0 (51) Anton Guijarro,D (2688)-Svidler,P (2723) Chess.com INT 2020}) 8... Bxe2 $11 9. Qxe2 Qd7 $1 10. O-O O-O-O 11. Re1 Re8 (11... g5 $5 12. Nf3 g4 $11) 12. c4 Bb4 13. Rc1 dxc4 14. Qxc4 Kb8 15. a3 Bd6 16. b4 Rc8 17. Qb5 Nge7 18. Nd2 Bf4 19. Nhf3 Rhd8 20. Rd1 Bxd2 21. Rxd2 Nd5 (21... Ne5 $5 22. Qe2 Nc4 $15) 22. Re1 {[%emt 0:00:55] Inhibits Ne5.} g5 23. Qe2 Re8 24. Rc2 Nf4 $36 {[%emt 0:01:38][%mdl 2048] Black has good play.} (24... Nce7 {simplifies} 25. g3 Nf5 26. Rcc1 Rxc1 27. Rxc1 h5) 25. Qe3 Ne7 26. Qe4 Nf5 (26... Rxc2 {simplifies} 27. Qxc2 Nf5 28. Bc1 Nd5) 27. Bc1 Nd5 28. Rxc8+ Rxc8 29. Bd2 h5 30. h3 {[%emt 0:00:22] Prevents g4.} Re8 31. Rc1 Rg8 32. Re1 Nc7 $1 33. Be3 Nd6 34. Qc2 (34. Qd3 $142) 34... Nd5 35. Qe2 Nf5 {[%emt 0:01:38] ...g4 is the strong threat.} 36. Nh2 {[%emt 0:03:15] Prevents g4.} g4 37. hxg4 hxg4 38. Bc1 Nxd4 39. Qe4 e5 {[%emt 0:00:32] Strongly threatening ...Nc3.} 40. Bb2 {[%emt 0:01:27] Prevents Nc3.} Nc6 {[%emt 0:01:11] Pair of Knights!} ({Stronger than} 40... g3 41. fxg3 Nc6 42. Qf3 $17) 41. Nf1 Qe6 (41... Nf4 $17 42. Ng3 Rc8) 42. b5 $15 {[%emt 0:00:36] Inhibits a6.} Nce7 43. Ng3 {[%emt 0:00:27] Prevents Nf5.} Rc8 44. a4 Nb6 45. a5 Nc4 46. a6 bxa6 (46... Nxb2 $2 47. Qxb7#) (46... Qd7 $17 47. axb7 Qxb7) 47. bxa6 $11 Qc6 {[%emt 0:00:24] Inhibits Qb7+. White must now prevent ...Qxe4.} (47... Nxb2 $2 48. Qb7#) 48. Qe2 (48. Qh7 $11 {remains equal.}) 48... Qxa6 $17 49. Bd4 (49. Bc1 $142) 49... Rc7 (49... Qc6 $142 $1 50. Ba1 (50. Qa2 $2 Rc7 $17) 50... Qe6 51. Rb1+ Ka8 52. Qe4+ Nd5) 50. Rb1+ Ka8 $1 ({Don't play} 50... Rb7 $6 51. Rxb7+ Kxb7 52. Bc5 $11) 51. Bc3 Nd5 52. Be1 Qc6 (52... Qe6 $1 $17 {aiming for ...Nf4.} 53. Qd1 Nd6) 53. Qxg4 $15 Nf4 54. Nf5 Nb6 (54... Qd5 $15 {should be considered.}) 55. Bb4 $2 {[%emt 0:00:51][%mdl 8192] [#]} (55. Ba5 $11) 55... Qe4 $2 (55... Qc2 $1 $19 {[%cal Rc2b1] and Black stays clearly on top.} 56. Ra1 Qb2 57. Qf3+ Nfd5) 56. Qf3 $17 Qxf3 {[%emt 0:00:14] Black is much more active.} 57. gxf3 Nfd5 58. Ba5 Kb7 59. Ne3 Nxe3 60. fxe3 {[%emt 0:00:03][%mdl 4096] Endgame KRB-KRN} Rc2 ({Better is} 60... Rc5 $17 61. Be1 a5) 61. f4 ({White should play} 61. Be1 $15) 61... e4 62. Rb4 {[%emt 0:00:09] [#]} f5 (62... Rc4 $1 $17 {[%cal Rc4b4] And now ...Rxb4 would win.} 63. Rb2 Rc5) 63. Rb5 $11 Ka6 64. Rxf5 Nc4 65. Be1 Nxe3 66. Ra5+ Kb7 67. Bf2 Rc1+ 68. Kh2 Ng4+ (68... Rc3 {simplifies} 69. Kg1 a6 70. Bxe3 Rxe3 71. Re5 Kb6) 69. Kg3 $1 e3 (69... Nxf2 {simplifies} 70. Kxf2 Rc3 71. Ke2 Rf3) 70. Be1 $1 Nf6 71. Rf5 $1 Rxe1 72. Rxf6 {[%emt 0:00:01] KR-KR} a5 {[%emt 0:00:04] ( -> ...a4)} 73. Kf3 $2 {[%emt 0:00:33][%mdl 8192] This costs White the game.} (73. Rd6 $11) 73... a4 {[%emt 0:00:19] Black mates.} 74. Rf5 a3 75. Ra5 Ra1 76. Kxe3 a2 77. Ke4 Re1+ 78. Kd5 a1=Q ({Inferior is} 78... a1=B 79. Ra3 $11) 79. Rxa1 Rxa1 80. f5 Ra6 81. Ke5 Kc7 82. Kd4 {[%emt 0:38:16] Weighted Error Value: White=0.26 (precise) /Black=0.21 (precise)} 0-1

[Event "ITT 1st Parada Jamundi 2022"]
[Site "Jamundi Valle"]
[Date "2022.12.11"]
[Round "10.8"]
[White "Mateus, Alejandro"]
[Black "Zuluaga Mancilla, Cesar"]
[Result "1/2-1/2"]
[ECO "B28"]
[WhiteElo "2308"]
[BlackElo "2230"]
[Annotator "TA"]
[PlyCount "147"]
[EventDate "2022.12.05"]
[EventType "swiss"]
[EventCountry "COL"]
[SourceTitle "playchess.com"]
[Source "ChessBase"]
[SourceQuality "1"]
[TimeControl "5400+30"]

1. e4 c5 2. Nf3 a6 3. c3 Nf6 4. e5 Nd5 5. d4 cxd4 6. Bc4 Nb6 {[%emt 0:08:39] B28: Sicilian: 2 Nf3 a6 (O'Kelly Variation).} 7. Bb3 (7. Qxd4 Nc6 8. Qh4 Nxc4 9. Qxc4 d5 10. exd6 Qxd6 $15) 7... d5 8. exd6 (8. Qxd4 Nc6 9. Qf4 g6 $11) 8... e6 9. Qxd4 {[%emt 0:07:11] Strongly threatening Bf4.} (9. Nbd2 {simplifies} Bxd6 10. Ne4 O-O 11. Nxd6 Qxd6 12. O-O) 9... Nc6 10. Qg4 {[%emt 0:00:10] [#] White is much more active. The black rooks are badly placed.} h5 $146 ({Predecessor:} 10... Qxd6 11. O-O Ne7 12. Rd1 Qc7 13. Bf4 Qc5 14. Be3 Qc7 15. Bxb6 Qxb6 16. Na3 h5 {1-0 (27) Atef,M-Ramadan,M Egypt 2007}) 11. Qe4 Bxd6 12. O-O Qc7 13. Re1 Bd7 14. Bg5 Ne7 $1 15. Bxe7 ({Better is} 15. Nbd2 $14) 15... Bxe7 $11 16. Ne5 Bf6 17. Nxd7 (17. Na3 {simplifies} Qxe5 18. Qxe5 Bxe5 19. Rxe5 Ke7 20. Nc2) 17... Nxd7 18. Na3 O-O-O 19. Rad1 Nc5 20. Qe3 h4 21. h3 (21. Qf3 {is interesting.} h3 22. g3 Kb8 23. Nc4) 21... Rxd1 (21... Kb8 {keeps more tension.} 22. Qf3 Bg5 23. Nc4 Bf4) 22. Bxd1 (22. Rxd1 {seems wilder.} Qe5 23. Qf3 Kc7 24. Nc4) 22... Rd8 {[%emt 0:01:08] White must now prevent ...Nd3.} 23. Bc2 {[%emt 0:00:13] Against Nd3} Nd7 24. Rd1 Nb6 25. Rxd8+ Qxd8 26. Bb3 Qd6 27. Nc4 Nxc4 28. Bxc4 {[%emt 0:00:01][%mdl 4096] Endgame KQB-KQB} Kb8 29. Qd3 (29. Be2 {simplifies} Bd8 30. Qd3 Qxd3 31. Bxd3 g6 32. Kf1) 29... Qc5 (29... Qf4 $5 ) 30. Bb3 Qe5 31. Kf1 Qh2 32. Qe4 Qh1+ 33. Ke2 Qc1 34. Qc2 $1 Qf4 35. Qd3 Qg5 (35... Bg5 {simplifies} 36. Qe3 Kc7 37. Qxf4+ Bxf4 38. Kd3 b6) 36. Qe4 Be5 (36... Qb5+ {simplifies} 37. Ke1 Kc7 38. Qc4+ Qxc4 39. Bxc4 Kd6) 37. Bd1 (37. Qb4 {simplifies} Qf4 38. Qxf4 Bxf4 39. Kd3) 37... Bc7 38. b4 Qc1 39. Qc2 Qf4 40. c4 f5 41. Qd3 g5 42. Bb3 Qe5+ 43. Qe3 Qb2+ 44. Kf1 Qa1+ 45. Qe1 Qf6 46. c5 e5 47. Qd2 e4 48. Qd5 Qa1+ 49. Ke2 $1 Qb2+ 50. Qd2 Qf6 51. Qd5 Bf4 52. a4 Qb2+ 53. Kf1 e3 54. fxe3 Qc1+ 55. Bd1 Qxe3 56. b5 (56. Qxf5 {is a self mate.} Bg3) 56... axb5 57. axb5 Bg3 {[%emt 0:05:34][%csl Gg3][%cal Re3e1] [#]} 58. Qg8+ Kc7 59. Qf7+ ({Much weaker is} 59. b6+ Kc6 60. Bf3+ Kxc5 61. Qf8+ Kxb6 62. Qb4+ Kc7 63. Qxb7+ Kd8 64. Qa8+ Ke7 65. Qb7+ Kf6 66. Qc6+ Qe6 $17) 59... Kd8 60. Qf8+ Qe8 61. Qxe8+ Kxe8 $14 {[%emt 0:00:01] KB-KB} 62. Bf3 b6 63. cxb6 Ke7 64. Ke2 Kd6 65. Kd3 Kc5 66. b7 Be5 67. Bc6 g4 68. Bd7 gxh3 69. gxh3 (69. Bxf5 hxg2 70. Bg4 g1=Q 71. Bf3 Qd4+ 72. Ke2 Bf4 73. b8=Q Qd2+ 74. Kf1 Bxb8 75. Bg4 h3 76. Be2 h2 77. Bf3 Bg3 78. Bh5 h1=Q#) 69... Bb8 70. Ke3 Kb6 71. Bc6 Kc5 72. Kf3 Kb6 73. Kf2 Kc5 74. Kf3 {[%emt 0:00:16] Weighted Error Value: White=0.06 (flawless) /Black=0.05 (flawless)} 1/2-1/2

[Event "ITT 1st Parada Jamundi 2022"]
[Site "Jamundi Valle"]
[Date "2022.12.11"]
[Round "10.9"]
[White "Londono Lopez, Donaldo"]
[Black "Valdes Martinez, Miguel A."]
[Result "0-1"]
[ECO "B32"]
[WhiteElo "2055"]
[BlackElo "2104"]
[Annotator "TA"]
[PlyCount "97"]
[EventDate "2022.12.05"]
[EventType "swiss"]
[EventCountry "COL"]
[SourceTitle "playchess.com"]
[Source "ChessBase"]
[SourceQuality "1"]
[TimeControl "5400+30"]

1. e4 c5 2. Nf3 Nc6 3. d4 cxd4 4. Nxd4 e5 5. Nb5 d6 6. N1c3 a6 7. Na3 Be7 {[%emt 0:00:05] 7...Be6 gains popularity.} 8. Nc4 b5 {[%emt 0:00:04] B32: Sicilian: Löwenthal and Kalashnikov Variations.} 9. Ne3 ({Much worse is} 9. Qd5 Bb7 10. Ne3 b4 $11) 9... Nf6 10. Ned5 O-O 11. Be3 Rb8 12. Qd2 Be6 13. Nxf6+ Bxf6 {[%emt 0:00:18] [#]} 14. Be2 $146 ({Predecessor:} 14. Bd3 h6 15. O-O Bg5 16. Rfd1 Bxe3 17. Qxe3 Qg5 18. Qxg5 hxg5 19. Rd2 Rfd8 {0-1 (50) Wahls,M (2520)-Ehlvest,J (2610) New York 1994}) 14... Nd4 15. O-O Nxe2+ 16. Nxe2 d5 17. exd5 Qxd5 18. Qxd5 Bxd5 19. Rfd1 Rfd8 20. Nc3 Bc6 21. Ba7 Rxd1+ 22. Rxd1 Rd8 23. Kf1 Rxd1+ 24. Nxd1 $15 {[%emt 0:00:01][%mdl 4096] Endgame KBB-KBN} Kf8 25. Ne3 h5 26. Ke2 Ke7 27. f3 Ke6 28. b3 Be7 29. Kd3 f5 30. c4 g5 31. cxb5 axb5 32. Nc2 (32. Ke2 $142) 32... h4 (32... f4 $142 33. Bb6 g4) 33. Ke2 ({White should try} 33. Ne1) 33... f4 $1 $17 34. h3 (34. Bb6 $17) 34... Bd5 (34... b4 $1 $19 {and Black stays clearly on top. aiming for ...Bb5+.} 35. Ne1 Bb5+ 36. Nd3 Kf5) 35. Bb6 Kd7 36. Ne1 Kc6 37. Bf2 e4 38. fxe4 Bxe4 39. a4 {[%emt 0:01:51] [#]} (39. Nf3 $17 {was called for.}) 39... b4 $1 $19 {[%emt 0:00:54] White must now prevent ...Bd5.} 40. Kd2 $2 (40. Kf1 {is a better defense.}) 40... Bf6 41. Nf3 Bd5 42. Kc2 Be4+ $2 (42... g4 $19 43. hxg4 h3) 43. Kd1 $2 (43. Kd2 $1 $11 {and White stays safe.}) 43... Bd3 {[%emt 0:03:13] A strong pair of Bishops.} (43... Bd8 $19 {[%cal Og5g4] And now ...g4! would win.} 44. Kd2 Bf6) 44. Bd4 $2 {[%emt 0:02:48][%mdl 8192] Inhibits g4.} (44. Ke1 $17) 44... Bxd4 45. Nxd4+ Kd5 $2 (45... Kb6 $19 46. Nf3 Bf1) 46. Nf3 $17 Bf1 47. Nxg5 {[%emt 0:00:23] [#]} Bxg2 $2 ({Better is} 47... Kd4 $1 $17 {[%cal Rd4e3] ...Ke3! is the strong threat.} 48. Nf3+ Kc3) 48. Ke2 $11 Ke5 49. Ke1 $2 {[%emt 0:22:25][%mdl 8192] Weighted Error Value: White=0.45/Black=0.29 (precise)} (49. a5 $11 {and White is okay.}) 0-1

[Event "ITT 1st Parada Jamundi 2022"]
[Site "Jamundi Valle"]
[Date "2022.12.11"]
[Round "10.10"]
[White "Malka, Samuel"]
[Black "Mogollon Tobar, Nicolle Julieth"]
[Result "1-0"]
[ECO "E18"]
[WhiteElo "2265"]
[BlackElo "1840"]
[Annotator "TA"]
[PlyCount "77"]
[EventDate "2022.12.05"]
[EventType "swiss"]
[EventCountry "COL"]
[SourceTitle "playchess.com"]
[Source "ChessBase"]
[SourceQuality "1"]
[TimeControl "5400+30"]

1. d4 Nf6 2. Nf3 d5 3. c4 e6 4. g3 Be7 5. Bg2 O-O 6. O-O b6 7. cxd5 exd5 8. Nc3 Bb7 9. Bf4 Na6 10. Ne5 {[%emt 0:01:52] [#]} Bb4 $146 {[%emt 0:00:00] E18: Queen's Indian: Old Main Line (4 g3 Bb7 5 Bg2 Be7 6 0-0 0-0 7 Nc3).} (10... c5 $11 {feels stronger.}) ({Predecessor:} 10... c5 11. e3 Ne4 12. h4 cxd4 13. exd4 Nc7 14. Qb3 Ne6 15. Be3 Nxc3 16. bxc3 Nc7 17. a4 f6 18. Nd3 Ba6 {1-0 (64) Eljanov,P (2671)-Korpa,B (2536) Biel 2021}) 11. Rc1 $14 (11. Qb3 {with more complications.} Re8 12. e4 Bxc3 13. bxc3 c5 14. exd5 Bxd5 15. Bxd5 Qxd5 16. Ng4) 11... Bxc3 12. bxc3 c6 (12... Ne4 $142) 13. c4 {[%emt 0:02:40] White has more active pieces.} Nh5 14. Bd2 f6 {[%emt 0:00:00] Against e4} 15. cxd5 cxd5 (15... fxe5 $142 16. dxc6 Bc8 17. Qb3+ (17. dxe5 Qc7 $16) (17. c7 Nxc7 18. dxe5 Be6 $16) 17... Kh8) 16. Nc6 $18 Bxc6 17. Rxc6 Qd7 18. Qb3 Rfd8 $2 {[%emt 0:00:00] [#]} (18... Rad8 {was necessary.}) 19. Rc2 g6 20. Rfc1 Ng7 21. e3 $2 (21. Qa3) 21... Ne6 22. h4 Kh8 23. Bf1 Nac7 24. a4 Rab8 25. a5 bxa5 26. Qa3 a4 27. Ba5 Rb7 28. Rc6 {[%emt 0:04:02] Hoping for Ba6.} Rdb8 29. Qxa4 Nd8 {[%emt 0:00:00] [#]} (29... Ne8 $142 30. Ra1 f5) 30. R6c4 $3 Nce6 (30... Qxa4 31. Rxa4) 31. Qxd7 Rxd7 32. Rc8 Rb2 (32... Rxc8 {might work better.} 33. Rxc8 Kg7) 33. Bh3 f5 34. g4 Kg7 35. gxf5 gxf5 36. Bxd8 Nxd8 37. R1c7 Rb7 38. Rxd7+ Rxd7 39. Bxf5 {[%emt 0:00:18] Black did not feel at home in the position after the opening.   Weighted Error Value: White=0.17 (very precise) /Black=0.37} 1-0

[Event "ITT 1st Parada Jamundi 2022"]
[Site "Jamundi Valle"]
[Date "2022.12.11"]
[Round "10.11"]
[White "Gonzalez Velasco, Leandro"]
[Black "Herrera, Juan Sebastian"]
[Result "0-1"]
[ECO "B06"]
[WhiteElo "1915"]
[BlackElo "2297"]
[Annotator "TA"]
[PlyCount "82"]
[EventDate "2022.12.05"]
[EventType "swiss"]
[EventCountry "COL"]
[SourceTitle "playchess.com"]
[Source "ChessBase"]
[SourceQuality "1"]
[TimeControl "5400+30"]

1. e4 g6 2. d4 Bg7 3. Nc3 d6 4. Be3 a6 5. a4 Nd7 6. Bc4 {[%emt 0:00:22] B06: Modern Defence.} e6 7. Nf3 h6 8. O-O {[%emt 0:01:05] White is slightly better.} Ngf6 9. h3 d5 10. Bd3 dxe4 11. Nxe4 Nxe4 12. Bxe4 Nf6 13. Bd3 Nd5 14. Bd2 {[%emt 0:05:30] [#] Against c5} c5 $146 (14... a5 $14) ({Predecessor:} 14... a5 15. Qe1 b6 16. Ne5 O-O 17. Qe4 Ba6 18. Bxa6 Rxa6 19. c4 Ne7 20. Rad1 Qa8 {1-0 (45) Ilincic,Z (2426)-Fernandez,D (2346) Kecskemet 2013}) 15. dxc5 $16 Bxb2 {[%emt 0:01:12] [#]} 16. c4 $1 Ne7 17. Qb1 Bg7 {[%emt 0:02:33] [#]} 18. Rd1 $1 Qc7 {[%emt 0:00:57] Inhibits Bf4.} 19. Be3 O-O 20. Ra3 f5 21. Qb6 {[%emt 0:00:44] Against Nc6} Qxb6 22. cxb6 e5 23. Bc5 {[%emt 0:02:17] Against e4} Re8 24. Be2 Be6 25. Bd6 Nc6 26. Nd2 Nd4 27. Bf1 Rac8 (27... Bf8 $15 28. Bxf8 Kxf8) 28. c5 $14 Red8 29. Nc4 Kh7 ({Black should try} 29... Nc6) 30. Na5 $1 $16 Rd7 {[%emt 0:02:43][%mdl 8192] [#]} (30... Bd5 $16 {was called for.}) 31. Rb1 $2 ({Only move:} 31. Nxb7 $1 $18 Rxb7 32. Bxa6) 31... e4 $2 {[%emt 0:01:31] [#]} (31... Bd5 $14) 32. Kh1 $2 (32. Nxb7 $1 $18 Nc2 33. Rg3) 32... g5 $2 {[%emt 0:00:45][%mdl 8192] [#]} (32... Bd5 $11 {and Black is okay.}) 33. Rd1 $2 (33. Nxb7 $1 $18 {[%mdl 512] aiming for Na5.} Nc2 34. Rab3 Bxb3 35. Rxb3) 33... Nc2 $36 {[%emt 0:00:08][%mdl 2048] Black has the initiative.} 34. Rg3 $2 (34. c6 $11 {and White stays safe.} bxc6 35. Rg3) 34... Rxc5 $19 ({Inferior is} 34... Be5 35. Be2 Bxg3 36. fxg3 $17) 35. Nxb7 Rc6 36. Bxa6 (36. Nc5 Rdxd6 37. Rxd6 Rxd6 38. Nxe6 (38. b7 $2 Rb6 $19)) 36... Rxb6 {[%emt 0:00:06] Black is clearly winning.} 37. Rc1 Rxa6 38. Nc5 Raxd6 39. Nxd7 f4 40. Rc3 Bxc3 41. Nf8+ Kg7 {[%emt 0:00:53] What a bad dream for White.   Weighted Error Value: White=0.98/Black=0.43} 0-1

[Event "ITT 1st Parada Jamundi 2022"]
[Site "Jamundi Valle"]
[Date "2022.12.11"]
[Round "10.12"]
[White "Pazos Gambarrotti, Plinio"]
[Black "Mora Munoz, Alejandro"]
[Result "1/2-1/2"]
[ECO "E70"]
[WhiteElo "2083"]
[BlackElo "1959"]
[Annotator "TA"]
[PlyCount "70"]
[EventDate "2022.12.05"]
[EventType "swiss"]
[EventCountry "COL"]
[SourceTitle "playchess.com"]
[Source "ChessBase"]
[SourceQuality "1"]
[TimeControl "5400+30"]

1. d4 Nf6 2. c4 g6 3. Nc3 Bg7 4. e4 d6 5. Nge2 O-O 6. Ng3 e5 7. d5 a5 8. Be2 Na6 9. h4 h5 $1 10. Bg5 {[%emt 0:00:05][%cal Re2h5] E70: King's Indian: Miscellaneous lines with 4 e4, including 5 Nge2 and 5 Bd3 0-0 6 Nge2.} Qe8 11. Qd2 Nc5 12. Bh6 {[%emt 0:00:08] The position is equal.} Bxh6 13. Qxh6 {[%emt 0:00:28][%cal Og3f5] [#]} Qe7 $146 ({Predecessor:} 13... Ng4) 14. O-O-O a4 15. Qg5 Re8 16. Rhf1 Nh7 (16... Ng4 $11) 17. Qxe7 $14 Rxe7 18. f3 Bd7 19. Rd2 Kg7 20. Kc2 $1 Kh6 21. Rb1 Na6 22. b4 axb3+ 23. axb3 Nb4+ 24. Kb2 Ree8 25. Rdd1 f5 26. Nf1 Rf8 27. Ra1 fxe4 28. Nxe4 Bf5 29. Nfd2 g5 30. Kc3 Na2+ 31. Kb2 {[%emt 0:00:17] [#] Strongly threatening hxg5+.} Nb4 32. Rh1 gxh4 {[%emt 0:01:15] White must now prevent ...Rxa1.} 33. Kc3 (33. Rxa8 $11 {remains equal.} Rxa8 34. Rxh4) 33... Na2+ 34. Kb2 Nb4 {[%emt 0:00:05] Threatens to win with ...Rxa1.} 35. Kc3 {[%emt 0:03:26] [#] And now Rxa8 would win.} Na2+ {[%emt 0:00:22] Weighted Error Value: White=0.13 (very precise) /Black=0.11 (very precise)} (35... Rxa1 $1 $15 {might be stronger.} 36. Rxa1 Na6) 1/2-1/2

[Event "ITT 1st Parada Jamundi 2022"]
[Site "Jamundi Valle"]
[Date "2022.12.11"]
[Round "10.13"]
[White "Lopez Rayo, Isabella"]
[Black "Lopez Rayo, Santiago"]
[Result "1/2-1/2"]
[ECO "B75"]
[WhiteElo "1898"]
[BlackElo "2300"]
[Annotator "TA"]
[PlyCount "56"]
[EventDate "2022.12.05"]
[EventType "swiss"]
[EventCountry "COL"]
[SourceTitle "playchess.com"]
[Source "ChessBase"]
[SourceQuality "1"]
[TimeControl "5400+30"]

1. e4 c5 2. Nf3 d6 3. d4 cxd4 4. Nxd4 Nf6 5. Nc3 g6 6. Be3 Bg7 7. f3 a6 8. Qd2 h5 {[%emt 0:00:15] B75: Sicilian Dragon: Yugoslav Attack, Miscellaneous.} 9. Be2 $1 {[%emt 0:06:04][%mdl 4] now scores much better than the old 9.0-0-0.} (9. Bc4 {seems wilder.} O-O 10. Bh6 Nc6 11. Nxc6 bxc6 12. O-O-O) 9... Nbd7 10. O-O-O {[%emt 0:04:49] White is more active.} b5 11. Nc6 Qc7 12. Nb4 Bb7 {[%emt 0:03:09] [#]} 13. Nbd5 $146 ({Predecessor:} 13. Kb1 O-O 14. h3 Rfc8 15. g4 Qa5 16. Ncd5 Bxd5 17. exd5 Ne5 18. Bd4 Nc4 19. Bxc4 bxc4 {1-0 (62) Milov,L (2475)-Englert,J (2045) Bad Homburg 2019}) 13... Qd8 (13... Bxd5 $11 {feels stronger.} 14. Nxd5 Nxd5 15. exd5 O-O) 14. Nxf6+ Nxf6 15. Nd5 Rc8 16. Nxf6+ Bxf6 17. Bd4 Bxd4 18. Qxd4 O-O 19. Bd3 Qc7 20. Qe3 Qc5 21. Qh6 Qe5 22. f4 Qf6 (22... Qg7 {simplifies} 23. Qg5 Qf6 24. Qxf6 exf6 25. Rhe1 Rfe8) 23. g4 (23. f5 {simplifies} gxf5 24. Qxf6 exf6 25. exf5 Kh7 26. Rd2) 23... Rc5 {[%emt 0:20:44] The position is equal.} 24. f5 gxf5 25. Qxf6 {[%emt 0:02:52] Dancing on a razor blade.} exf6 26. gxf5 Re8 27. Rhg1+ Kf8 28. Rgf1 Ke7 {[%emt 0:15:16] Weighted Error Value: White=0.12 (very precise) /Black=0.10 (very precise)} 1/2-1/2